 Dungeon Crawl Stone Soup version 0.29-a0-838-g385bb11a5b (webtiles) character file.

Game seed: 6263413148793689171

3924 ponyjar the Trooper (level 10, -28/80 HPs)
             Began as a Demonspawn Summoner on July 13, 2022.
             Was a Follower of Kikubaaqudgha.
             Annihilated by an enormous slime creature (65 damage)
             ... on level 8 of the Dungeon.
             The game lasted 00:13:56 (11040 turns).

ponyjar the Trooper (Demonspawn Summoner)          Turns: 11040, Time: 00:13:56

Health: -28/80     AC:  9    Str:  9    XL:     10   Next: 1%
Magic:  8/18       EV: 13    Int: 20    God:    Kikubaaqudgha [*.....]
Gold:   383        SH:  0    Dex: 14    Spells: 10/20 levels left

rFire   + . .      SeeInvis .   z - staff of death
rCold   + . .      Faith    +   (no shield)
rNeg    + . .      Spirit   .   w - +1 robe {Archmagi}
rPois   .          Reflect  .   (no helmet)
rElec   .          Harm     .   i - +0 cloak
rCorr   .          Rampage  .   (no gloves)
Will    +....      Archmagi +   r - +0 pair of boots
Stlth   ++........              u - amulet of faith
HPRegen 0.23/turn               m - ring of willpower
MPRegen 0.16/turn               k - ring of protection from fire

@: no status effects
A: icy blue scales 3, ignite blood 3
a: Renounce Religion, Unearth Wretches


You were on level 8 of the Dungeon.
You worshipped Kikubaaqudgha.
Kikubaaqudgha was aware of your devotion.
You visited 2 branches of the dungeon, and saw 9 of its levels.

You collected 383 gold pieces.

Inventory:

Hand Weapons
 d - a +0 club
 e - a +1 whip of venom
 x - a +0 dagger
Armour
 a - a +0 robe
 i - a +0 cloak (worn)
 r - a +0 pair of boots (worn)
 w - a +1 robe of the Archmagi (worn)
Magical Staves
 z - a staff of death (weapon)
Jewellery
 c - an amulet of magic regeneration
 k - a ring of protection from fire (right hand)
 m - a ring of willpower (left hand)
 n - a ring of ice
 u - an amulet of faith (around neck)
Wands
 j - a wand of polymorph (15)
 q - a wand of digging (4)
 A - a wand of mindburst (16)
 E - a wand of iceblast (8)
Scrolls
 h - 2 scrolls of poison
 l - 5 scrolls of enchant weapon
 v - 2 scrolls of teleportation
 y - a scroll of blinking
 C - a scroll of immolation
Potions
 b - 3 potions of magic
 f - 2 potions of curing
 o - 3 potions of might
 p - a potion of flight
 s - a potion of invisibility
 t - a potion of heal wounds
 B - a potion of degeneration {unknown}
 D - a potion of attraction {unknown}


   Skills:
 * Level 7.7 Fighting
 * Level 4.0 Staves
 - Level 3.0 Armour
 - Level 3.5 Dodging
 - Level 1.7 Stealth
 - Level 5.5 Spellcasting
 - Level 7.0 Summonings
 * Level 4.8 Necromancy
 - Level 3.2 Air Magic


You had 10 spell levels left.
You knew the following spells:

 Your Spells              Type           Power      Damage    Failure   Level
a - Summon Small Mammal   Summ           100%       N/A       1%          1
b - Call Imp              Summ           50%        N/A       1%          2
c - Call Canine Familiar  Summ           50%        N/A       1%          3
d - Summon Lightning Spi  Summ/Air       39%        N/A       13%         4

Your spell library contained the following spells:

 Spells                   Type           Power      Damage    Failure   Level
 Necrotise                Necr           100%       1d9       1%          1
 Sublimation of Blood     Necr           54%        N/A       2%          2
 Vampiric Draining        Necr           54%        2d9       4%          3
 Summon Guardian Golem    Hex/Summ       29%        N/A       8%          3
 Apportation              Tloc           16%        N/A       11%         1
 Magic Dart               Conj           32%        1d4       11%         1
 Searing Ray              Conj           16%        2d5       17%         2
 Anguish                  Hex/Necr       17%        N/A       38%         4
 Fulminant Prism          Conj/Hex       4%         3d6       73%         4
 Petrify                  Tmut/Erth      8%         N/A       73%         4
 Alistair's Intoxication  Tmut/Pois      5%         N/A       97%         5
 Irradiate                Conj/Tmut      4%         3d13      97%         5


Dungeon Overview and Level Annotations

Branches:
Dungeon (8/15)             Temple (1/1) D:7
   Lair: D:8-11

Altars:
Ashenzari
Cheibriados
Dithmenos
Fedhas
Gozag
Hepliaklqana
Kikubaaqudgha
Makhleb
Nemelex Xobeh
Ru
Sif Muna
Trog
Uskayaw
Yredelemnul

Shops:
D:4 :=:   D:7 [

Annotations:
D:8 Grum


Innate Abilities, Weirdness & Mutations

You are completely covered in icy blue scales. (AC +4, rC+)
Your demonic aura causes all spilled blood to erupt in flames.


Message History

Two slime creatures merge to form a very large slime creature.
Things that are here:
a +2 mace; a +0 robe
Okay, then.
Okay, then.
There is an open door here.
Okay, then.
Okay, then.
Casting: Summon Lightning Spire (dangerous; 13% risk of failure)
Confirm with . or Enter, or press ? or * to list all spells.
Okay, then.
Casting: Summon Lightning Spire (dangerous; 13% risk of failure)
Confirm with . or Enter, or press ? or * to list all spells.
You feel a surge of power! The slime creature misses you.
Unknown command.
Unknown command.
You swap places.
Your wolf bites the slime creature but does no damage.
The slime creature misses your wolf.
Unknown command.
Your wolf bites the slime creature.
The slime creature hits your wolf!!
Your wolf dies!
Your wolf's corpse disappears in a puff of smoke!
Casting: Call Canine Familiar (safe; 1% risk of failure)
Confirm with . or Enter, or press ? or * to list all spells.
You feel a surge of power!
An electric hum fills the air.
Two slime creatures merge to form an enormous slime creature.
Unknown command.
Unknown command.
Unknown command.
Casting: Summon Lightning Spire (dangerous; 13% risk of failure)
Confirm with . or Enter, or press ? or * to list all spells.
You feel a surge of power!
Unknown command.
Unknown command.
The enormous slime creature attacks as you move away!
The enormous slime creature hits you!!!
Ouch! That really hurt!
You die...
Kikubaaqudgha rasps: "You have failed me!
Welcome... death!"

..# #. #.# #. #.# #. #.# #.
#.################ #.
.>.).............# #.
#.....##########.# #. #.###.....#
#.## #.
#.###.....######@.###############
#.............8.Jh...............
#.........#######'#######.#######
#'''######.# #........##.#
.....'...#.# #......).##.#
.###.'._.#.# #........##.# ###
.....'...#.# #........##.# #..
#'''######.# #..).....##.# #..
....# #....# #........##.# #..


You could see an enormous slime creature (ally target), a friendly wolf
(summoned) and a friendly lightning spire (summoned).

Vanquished Creatures
  Maurice (D:8)
  2 steam dragons
  2 water moccasins (D:7)
  2 phantoms (D:6)
  2 bullfrogs
  2 scorpions
  A wight (D:8)
  3 hounds
  3 orc priests
  2 iguanas
  Ijyb (D:5)
  2 orc wizards
  A river rat (D:4)
  7 adders
  2 worms (D:4)
  4 dart slugs
  9 orcs
  8 bats
  8 endoplasms
  2 giant cockroaches
  6 goblins
  5 hobgoblins
  11 jackals
  6 quokkas
  4 ball pythons
  A frilled lizard (D:3)
  7 kobolds
  5 rats
109 creatures vanquished.

Vanquished Creatures (collateral kills)
  Maggie (D:7)
  2 slime creatures (D:8)
  2 water moccasins
  2 ice beasts
  An orc warrior (D:8)
  An ogre (D:6)
  A sky beast (D:7)
  A centaur (D:5)
  2 necrophages
  2 scorpions (D:7)
  2 wights (D:8)
  A howler monkey (D:7)
  2 hounds
  2 jellies
  2 orc priests (D:6)
  3 iguanas
  2 orc wizards
  4 river rats (D:4)
  2 adders (D:4)
  A white imp (D:5)
  2 worms (D:4)
  33 orcs
  A giant cockroach (D:4)
  A ball python (D:1)
  A bat (D:1)
  A frilled lizard (D:1)
  2 goblins
  A rat (D:4)
78 creatures vanquished.

Vanquished Creatures (others)
  3 orcs
  7 plants (D:7)
10 creatures vanquished.

Grand Total: 197 creatures vanquished

Notes
Turn   | Place    | Note
-------+----------+-------------------------------------------
     0 | D:1      | ponyjar the Demonspawn Summoner began the quest for the
                  | Orb.
     0 | D:1      | Reached XP level 1. HP: 13/13 MP: 3/3
   710 | D:1      | Gained mutation: You are partially covered in icy blue
                  | scales. (AC +2) [demonic ancestry]
   710 | D:1      | Reached XP level 2. HP: 18/19 MP: 5/5
   977 | D:1      | Found a faded altar of an unknown god.
  1163 | D:1      | Gained mutation: You are mostly covered in icy blue scales.
                  | (AC +3) [demonic ancestry]
  1163 | D:1      | Reached XP level 3. HP: 5/24 MP: 1/7
  1463 | D:1      | You fall into a shaft and drop 1 floor!
  2489 | D:2      | Found a bloodstained altar of Trog.
  2818 | D:3      | Reached XP level 4. HP: 22/30 MP: 8/8
  3119 | D:3      | Reached skill level 5 in Summonings
  3648 | D:3      | Learned a level 2 spell: Call Imp
  3658 | D:3      | Learned a level 3 spell: Call Canine Familiar
  3878 | D:4      | Found Oche's Book Boutique.
  3922 | D:4      | Reached XP level 5. HP: 20/35 MP: 10/10
  4856 | D:4      | Found Gampo's Jewellery Boutique.
  4948 | D:4      | Found Zupeumid's Book Emporium.
  5054 | D:4      | Reached XP level 6. HP: 14/41 MP: 10/12
  5788 | D:5      | Entered Level 5 of the Dungeon
  5827 | D:5      | Noticed Ijyb
  6353 | D:5      | Reached skill level 5 in Spellcasting
  6598 | D:5      | Gained mutation: You are completely covered in icy blue
                  | scales. (AC +4, rC+) [demonic ancestry]
  6598 | D:5      | Reached XP level 7. HP: 27/46 MP: 11/14
  7082 | D:5      | Killed Ijyb
  7468 | D:5      | Reached skill level 1 in Fighting
  7567 | D:6      | Reached skill level 1 in Armour
  7857 | D:6      | Gained mutation: Your demonic aura sometimes causes spilled
                  | blood to erupt in flames. [demonic ancestry]
  7857 | D:6      | Reached XP level 8. HP: 51/58 MP: 16/16
  8238 | D:6      | Found a blossoming altar of Fedhas.
  8832 | D:7      | Noticed Maggie
  8842 | D:6      | Learned a level 4 spell: Summon Lightning Spire
  9037 | D:7      | Reached skill level 1 in Air Magic
  9116 | D:7      | Reached skill level 5 in Fighting
  9133 | D:7      | Killed Maggie
  9190 | D:7      | Gained mutation: Your demonic aura often causes spilled
                  | blood to erupt in flames. [demonic ancestry]
  9190 | D:7      | Reached XP level 9. HP: 55/69 MP: 15/17
  9308 | D:7      | Found a staircase to the Ecumenical Temple.
  9326 | D:7      | Found Boarail's Antique Armour Shoppe.
  9349 | Temple   | Entered the Ecumenical Temple
  9397 | Temple   | Became a worshipper of Kikubaaqudgha
  9456 | D:7      | Found a burning altar of Makhleb.
  9462 | D:7      | Noticed an angel
  9463 | D:7      | Noticed a green death
  9565 | D:7      | Reached skill level 1 in Staves
  9565 | D:7      | Reached skill level 1 in Necromancy
  9785 | D:7      | Found an opulent altar of Gozag.
  9935 | D:7      | Found a basalt altar of Yredelemnul.
 10120 | D:8      | Noticed Maurice
 10155 | D:8      | Killed Maurice
 10157 | D:8      | Reached * piety under Kikubaaqudgha
 10157 | D:8      | Received a gift from Kikubaaqudgha
 10513 | D:8      | Noticed Grum
 10850 | D:8      | Found a hazy altar of Hepliaklqana.
 10856 | D:8      | Found a sacrificial altar of Ru.
 11021 | D:8      | Gained mutation: Your demonic aura causes all spilled blood
                  | to erupt in flames. [demonic ancestry]
 11021 | D:8      | Reached XP level 10. HP: 61/80 MP: 15/18
 11040 | D:8      | Annihilated by an enormous slime creature

Illustrated notes

Levels and vault maps discovered:
D:1:      psy_arrival_radial02, layout_basic,
          shapermc_ecumenical_altar_totnotflames, minmay_misc_feat_cross,
          item_on_display_a
D:2:      layout_loops_ring, basic_altar
D:3:      layout_rooms, nicolae_overflow_hidden_temple
D:4:      layout_cave_pools, serial_shops, nicolae_square_shop, shop,
          nicolae_shop_hallway_plus, lightli_sewer_entry_pipes
D:5:      layout_cave_pools, uniq_ijyb
D:6:      layout_basic, old_standard_altar, st_stairs_1
D:7:      layout_loops_ring, grunt_temple_overflow_order_and_chaos_2,
          grunt_gozag_statues, mainiacjoe_overflow_alcove_1,
          minmay_temple_entry_gardened_gates, serial_shops, shop, uniq_maggie
D:8:      layout_basic, mainiacjoe_overflow_big_doors, uniq_grum, uniq_maurice
Temple:   jpeg_temple_island

Skill      XL: |  1  2  3  4  5  6  7  8  9 |
---------------+----------------------------+-----
Spellcasting   | 3 4 5 |  5.5
Summonings     | 5 6 7 |  7.0
Fighting       | 3 5 7 |  7.7
Dodging        | 2 3 |  3.5
Armour         | 1 3 |  3.0
Air Magic      | 2 3 |  3.2
Staves         | 4 |  4.0
Necromancy     | 4 |  4.8
Stealth        | |  1.7

Action                   |  1- 3 |  4- 6 |  7- 9 | 10-12 || total
-------------------------+-------+-------+-------+-------++-------
Melee: Whip              |   157 |   160 |    75 |       ||   392
       Unarmed           |     7 |       |       |       ||     7
       Punch             |     1 |     1 |     2 |       ||     4
       Staff             |       |       |    41 |     3 ||    44
 Cast: Summon Small Mamm |    14 |    11 |    13 |       ||    38
       Call Canine Famil |       |    20 |    41 |     2 ||    63
       Call Imp          |       |    13 |    36 |       ||    49
       Summon Lightning  |       |       |    10 |     1 ||    11
Evoke: Wand              |       |       |     1 |       ||     1
  Use: Potion            |     2 |     3 |       |       ||     5
       Scroll            |       |     3 |     9 |       ||    12
 Stab: Sleeping          |     2 |     1 |     1 |       ||     4
       Distracted        |       |       |     2 |       ||     2
Armor: Robe              |    81 |    55 |    43 |     1 ||   180
Dodge: Dodged            |   146 |   134 |    97 |     2 ||   379

Table legend: (Time is in decaauts)
 A = Elapsed time spent in this place.
 B = Non-inter-level travel time spent in this place.
 C = Inter-level travel time spent in this place.
 D = Time resting spent in this place.
 E = Time spent auto-exploring this place.
 F = Levels seen in this place.
 G = Mean time per level.
                   A        B        C        D        E       F      G
               +--------+--------+--------+--------+--------+-----+--------+
         Total |  11129 |  10742 |    387 |   1090 |   7752 |   9 | 1236.6 |
       Dungeon |  11042 |  10692 |    350 |   1090 |   7716 |   8 | 1380.2 |
        Temple |     87 |     50 |     37 |      0 |     36 |   1 |   87.0 |
               +--------+--------+--------+--------+--------+-----+--------+

Top non-repeatable levels by time:
     D:4: 2542 daAuts
     D:1: 1478 daAuts
     D:6: 1341 daAuts
     D:5: 1309 daAuts
     D:2: 1297 daAuts
     D:7: 1079 daAuts
     D:3: 1058 daAuts
     D:8: 936 daAuts
  Temple: 87 daAuts
